 Dungeon Crawl Stone Soup version 0.32-a0-673-g3729bd50f8 (webtiles) character file.

Game seed: 17976370121463983909

276 whatisthis the Ruffian (level 6, -6/53 HPs)
             Began as a Ghoul Gladiator on Mar 10, 2024.
             Mangled by an ogre
             ... wielding a +0 giant club
              (14 damage)
             ... on level 4 of the Dungeon.
             The game lasted 00:06:04 (2790 turns).

whatisthis the Ruffian (Ghoul Gladiator)            Turns: 2790, Time: 00:06:05

Health: -6/53      AC:  6    Str: 20    XL:     6   Next: 25%
Magic:  6/6        EV: 11    Int:  7    God:
Gold:   170        SH:  0    Dex: 10    Spells: 5/5 levels left

rFire   . .          .
                       - Unarmed
rCold   + + .        (no shield)
rNeg    + + +        f - +0 ring mail
rPois   ∞            b - +0 helmet
rElec   .            (no cloak)
rCorr   +            (no gloves)
SInv    .            (no boots)
Will    .....        (no amulet) Stlth
                     h - ring of resist corrosion
HPRegen 0.00/turn    l - ring of protection from cold
MPRegen 0.10/turn

%: no passive effects
@: inhibited regen
A: claws 1, cold resistance 1, negative energy resistance 3, inhibited
regeneration, torment resistance 2, devour on kill
a: no special abilities


You were on level 4 of the Dungeon.
You visited 1 branch of the dungeon, and saw 4 of its levels.

You collected 170 gold pieces.

Inventory:

Hand Weapons
 q - the +5 whip of Accidental Termination {elec, rElec rCorr Dex+3}
   (You found it on level 3 of the Dungeon)

   Dex+3:     It affects your dexterity (+3).
   rElec:     It insulates you from electricity.
   rCorr:     It protects you from acid and corrosion.
Missiles
 c - 3 throwing nets (quivered)
 d - 5 javelins
 i - 10 boomerangs
Armour
 b - a +0 helmet (worn)
 f - a +0 ring mail (worn)
 p - a +0 scale mail
 u - a +0 chain mail
Jewellery
 h - a ring of resist corrosion (left claw)
 l - a ring of protection from cold (right claw)
Scrolls
 a - 2 scrolls of silence {unknown}
 g - 4 scrolls of teleportation {unknown}
 k - a scroll of enchant weapon {unknown}
 n - a scroll of identify {unknown}
 o - a scroll of vulnerability {unknown}
Potions
 e - 5 potions of haste {unknown}
 j - a potion of might {unknown}
 m - 2 potions of lignification {unknown}
 r - a potion of resistance {unknown}
 s - a potion of enlightenment {unknown}
 t - a potion of heal wounds {unknown}
 v - a potion of curing {unknown}


   Skills:
 + Level 4.7 Fighting
 - Level 1.7 Throwing
 + Level 2.1 Armour
 - Level 2.6 Dodging
 + Level 5.3 Unarmed Combat


You had 5 spell levels left.
You didn't know any spells.
Your spell library contained the following spells:

 Spells                   Type           Power      Damage    Failure   Level
 Freeze                   Ice            0%         1d3       61%         1
 Blink                    Tloc           0%         N/A       75%         2
 Ensorcelled Hibernation  Hex/Ice        0%         N/A       75%         2
 Lesser Beckoning         Tloc           0%         N/A       75%         2
 Mercury Vapours          Alch/Air       0%         N/A       75%         2
 Momentum Strike          Conj/Tloc      0%         3d8       75%         2
 Frozen Ramparts          Ice            0%         1d1       93%         3
 Fugue of the Fallen      Necr           0%         N/A       93%         3
 Hailstorm                Conj/Ice       0%         3d5       93%         3
 Mephitic Cloud           Conj/Alch/Air  0%         N/A       93%         3
 Anguish                  Hex/Necr       0%         N/A       100%        4
 Freezing Cloud           Conj/Ice/Air   0%         6-21      100%        5


Dungeon Overview and Level Annotations

Branches:
Dungeon (4/15)
 Temple: D:4-7

Altars:
Hepliaklqana

Shops:
D:1 *


Innate Abilities, Weirdness & Mutations

You are immune to poison.
You have sharp fingernails.
Your flesh is cold resistant. (rC+)
You are immune to negative energy. (rN+++)
You do not regenerate when monsters are visible.
You are immune to unholy pain and torment.
You thrive by killing the living.


Message History

You scratch the adder.
The adder is moderately wounded.
The adder bites you but does no damage.
You scratch the adder.
The adder is severely wounded.
The adder bites you but does no damage.
You scratch the adder.
You kill the adder!
You closely miss the goblin. The goblin hits you but does no damage.
You scratch the goblin.
The goblin is severely wounded.
The goblin closely misses you.
You closely miss the goblin.
The goblin is severely wounded.
You claw the goblin!
You kill the goblin!
Things that are here:
a +0 dagger; an adder corpse
v - a golden potion
Found a mace.
Found a stone staircase leading down.
There is a stone staircase leading down here.
An ogre comes into view. It is wielding a +0 giant club.
The ogre shouts!
An ogre is nearby!
An ogre is nearby!
A hound comes into view.
You barely miss the ogre.
The hound barks!
The ogre hits you with a +0 giant club!!
You scratch the ogre.
The ogre is lightly wounded.
The ogre hits you with a +0 giant club!!
* * * LOW HITPOINT WARNING * * *
You barely miss the ogre.
The ogre is lightly wounded.
You scratch the ogre.
The ogre is lightly wounded.
The ogre hits you with a +0 giant club!
You die...

############.)#
#.#
.........#.#..#
#.#
########..#...#
#.### #.#.##.#
#.... ####
#.#.##.# #####
#...###.#.##.####
#..>...........###
#.##........ .....
#@####.##### #.##.
#..O## #.# ###.#..
##.. #.# .......
#.. . ......# #..
# ###.#.. #.#
#.### #. #< #. #..
.....


You could see an ogre.

Vanquished Creatures
  A water moccasin (D:3)
  6 adders
  4 dart slugs
  A ribbon worm (D:2)
  4 orcs (D:3)
  2 ball pythons (D:1)
  7 endoplasms
  3 giant cockroaches
  13 goblins
  16 hobgoblins
  6 jackals
  6 quokkas
  11 bats
  3 frilled lizards
  5 kobolds
  6 rats
94 creatures vanquished.

Notes
Turn   | Place    | Note
-------+----------+-------------------------------------------
     0 | D:1      | whatisthis the Ghoul Gladiator began the quest for the Orb.
     0 | D:1      | Reached XP level 1. HP: 17/17 MP: 1/1
    93 | D:1      | Reached XP level 2. HP: 22/25 MP: 2/2
   143 | D:1      | Found Heodiot's Assorted Antiques.
   401 | D:1      | Reached XP level 3. HP: 31/31 MP: 3/3
   430 | D:1      | Reached skill level 4 in Unarmed Combat
   639 | D:1      | Found a faded altar of an unknown god.
  1266 | D:2      | Reached XP level 4. HP: 29/38 MP: 4/4
  1772 | D:3      | Identified the +5 whip of Accidental Termination {elec,
                  | rElec rCorr Dex+3}
  1833 | D:3      | Noticed a water moccasin
  1848 | D:3      | Killed a water moccasin
  1849 | D:3      | Reached skill level 1 in Armour
  1849 | D:3      | Reached skill level 5 in Unarmed Combat
  1849 | D:3      | Reached XP level 5. HP: 32/47 MP: 5/5
  2219 | D:3      | Reached XP level 6. HP: 53/53 MP: 6/6
  2635 | D:4      | Found a hazy altar of Hepliaklqana.
  2790 | D:4      | Mangled by an ogre

Illustrated notes

Levels and vault maps discovered:
D:1:      wheals_arrival_linesprint, layout_basic,
          hellmonk_ecumenical_altar_zigzags, serial_shops,
          nicolae_shop_rolling_square
D:2:      layout_basic
D:3:      cheibrodos_greedy_goblins, layout_loops_ring
D:4:      layout_loops_ring, mainiacjoe_overflow_paths

Skill      XL: |  1  2  3  4  5  6 |
---------------+-------------------+-----
Fighting       | 3 4 |  4.7
Unarmed Combat | 4 5 |  5.3
Armour         | 1 2 |  2.1
Throwing       | |  1.7
Dodging        | |  2.6

Action                     |  1- 3 |  4- 6 || total
---------------------------+-------+-------++-------
  Melee: Unarmed           |    97 |   195 ||   292
         Punch             |     2 |     4 ||     6
 Armour: Leather armour    |    47 |    18 ||    65
         Ring mail         |       |    90 ||    90
  Dodge: Dodged            |    52 |    89 ||   141

Table legend: (Time is in decaauts)
 A = Elapsed time spent in this place.
 B = Non-inter-level travel time spent in this place.
 C = Inter-level travel time spent in this place.
 D = Time resting spent in this place.
 E = Time spent auto-exploring this place.
 F = Levels seen in this place.
 G = Mean time per level.
                   A        B        C        D        E       F      G
               +--------+--------+--------+--------+--------+-----+--------+
         Total |   2763 |   2600 |    163 |      0 |   1915 |   4 |  690.8 |
       Dungeon |   2763 |   2600 |    163 |      0 |   1915 |   4 |  690.8 |
               +--------+--------+--------+--------+--------+-----+--------+

Top non-repeatable levels by time:
     D:1: 1173 daAuts
     D:3: 720 daAuts
     D:2: 583 daAuts
     D:4: 286 daAuts
